 Dungeon Crawl Stone Soup version 0.29-a0-243-g602b31c20e (webtiles) character file.

Game seed: 9302416051928519689

136488 Anon1729 the Unseen (level 16, -15/145 HPs)
             Began as a Demigod Brigand on Mar 4, 2022.
             Demolished by a two-headed ogre
             ... wielding a +0 giant club
              (17 damage)
             ... while paralysed by an ogre mage
             ... on level 2 of the Orcish Mines.
             The game lasted 01:05:14 (38946 turns).

Anon1729 the Unseen (Demigod Brigand)              Turns: 38946, Time: 01:05:15

Health: -15/145    AC:  6    Str: 12    XL:     16   Next: 17%
Magic:  15/19      EV:  2    Int: 17    God:
Gold:   2707       SH:  0    Dex: 38    Spells: 15/15 levels left

rFire   + . .      SeeInvis .   b - +11 shortbow of the Enfolding Shrike {venom, rC+}
rCold   + . .      Faith    .   (shield currently unavailable)
rNeg    + . .      Spirit   .   v - +5 ring mail "Mirhusak" {*Corrode rC+ Stlth+}
rPois   +          Reflect  .   c - +0 helmet "Quenlaup" {Dex+5}
rElec   .          Harm     .   w - +2 cloak {rPois}
rCorr   .          Rampage  .   (no gloves)
Will    +....      Clarity  +   (no boots)
Stlth   ++++++++..              (no amulet)
HPRegen 0.34/turn               g - +4 ring of slaying
MPRegen 0.16/turn               V - ring of Zanow {Fire rN+ Int+4}

@: paralysed, corroded
A: high MP 1, forlorn, divine attributes, clarity, clumsy 1, passive freeze,
MP-powered wands
a: no special abilities


You were on level 2 of the Orcish Mines.
You visited 3 branches of the dungeon, and saw 23 of its levels.
You also visited: Gauntlet and Ice Cave.

You collected 2791 gold pieces.
You spent 84 gold pieces at shops.

Inventory:

Hand Weapons
 a - a +4 scimitar of flaming
 b - the +11 shortbow of the Enfolding Shrike (weapon) {venom, rC+}
   (You found it on level 9 of the Dungeon)

   Any ammunition fired from it poisons the flesh of those it strikes.
   rC:        It protects you from cold.
Missiles
 d - 78 poisoned darts
 e - 14 curare-tipped darts
 h - 3 datura-tipped darts
 D - 3 atropa-tipped darts
 M - 3 throwing nets
Armour
 c - the +0 helmet "Quenlaup" (worn) {Dex+5}
   (You found it in a Gauntlet)

   Dex:       It affects your dexterity (+5).
 v - the +5 ring mail "Mirhusak" (worn) {*Corrode rC+ Stlth+}
   (You found it on level 3 of the Dungeon)

   rC:        It protects you from cold.
   *Corrode:  It may corrode you when you take damage.
   Stlth:     It makes you more stealthy.
 w - a +2 cloak of poison resistance (worn)
 Z - the +0 scale mail of the Trees {rCorr Str+2 Slay+3 Stlth+}
   (You found it in a Gauntlet)

   Str:       It affects your strength (+2).
   Slay:      It affects your accuracy & damage with ranged weapons and melee
   (+3).
   rCorr:     It protects you from acid and corrosion.
   Stlth:     It makes you more stealthy.
Jewellery
 g - a +4 ring of slaying (left hand)
 m - a +4 ring of protection
 P - a ring of willpower
 T - a ring of flight
 V - the ring of Zanow (right hand) {Fire rN+ Int+4}
   (You found it in a Gauntlet)

   [ring of fire]

   It enhances your fire magic.
   Int:       It affects your intelligence (+4).
   rF:        It protects you from fire.
   rC:        It makes you vulnerable to cold.
   rN:        It protects you from negative energy.
 Y - the ring of the Ladybird {rCorr Str+2}
   (You found it on level 15 of the Dungeon)

   [ring of resist corrosion]

   Str:       It affects your strength (+2).
   rCorr:     It protects you from acid and corrosion.
Wands
 k - a wand of paralysis (11)
 p - a wand of acid (5)
 q - a wand of iceblast (35)
 r - a wand of flame (7)
 E - a wand of mindburst (20)
 F - a wand of digging (8)
Scrolls
 f - 5 scrolls of amnesia
 l - 7 scrolls of enchant armour
 o - 2 scrolls of torment
 s - 3 scrolls of silence
 t - 15 scrolls of teleportation
 u - 5 scrolls of enchant weapon
 x - a scroll of holy word
 y - 2 scrolls of magic mapping
 G - 3 scrolls of immolation
 H - 5 scrolls of fear
 I - 3 scrolls of fog
 J - a scroll of identify
 K - 2 scrolls of vulnerability
 O - 4 scrolls of blinking
Potions
 i - 2 potions of heal wounds
 j - 3 potions of lignification
 n - 9 potions of mutation
 z - 2 potions of resistance
 A - 3 potions of cancellation
 B - 4 potions of berserk rage
 C - 10 potions of curing
 L - 3 potions of flight
 N - 2 potions of attraction
 Q - 7 potions of ambrosia
 R - 3 potions of haste
 W - a potion of invisibility
 X - 3 potions of magic
Miscellaneous
 U - a phial of floods


   Skills:
 + Level 13.9 Fighting
 - Level 1.7(9.1) Short Blades
 + Level 13.8 Long Blades
 + Level 7.7 Bows
 - Level 1.7 Throwing
 + Level 13.8 Dodging
 + Level 15.4 Stealth


You had 15 spell levels left.
You didn't know any spells.
Your spell library contained the following spells:

 Spells                   Type           Power      Damage    Failure   Level
 Animate Skeleton         Necr           0%         N/A       47%         1
 Beastly Appendage        Tmut           0%         N/A       47%         1
 Foxfire                  Conj/Fire      0%         2x1d4     47%         1
 Magic Dart               Conj           0%         1d3       47%         1
 Pain                     Necr           0%         1d4       47%         1
 Shock                    Conj/Air       0%         1d3       47%         1
 Sting                    Tmut/Pois      0%         1d3       47%         1
 Summon Small Mammal      Summ           0%         N/A       47%         1
 Call Imp                 Summ           0%         N/A       63%         2
 Corpse Rot               Necr/Air       0%         N/A       63%         2
 Ensorcelled Hibernation  Hex/Ice        0%         N/A       63%         2
 Poisonous Vapours        Pois/Air       0%         N/A       63%         2
 Wereblood                Tmut           0%         N/A       63%         2
 Call Canine Familiar     Summ           0%         N/A       85%         3
 Confusing Touch          Hex            0%         N/A       85%         3
 Conjure Flame            Conj/Fire      0%         6-21      85%         3
 Dazzling Flash           Conj/Hex       0%         N/A       85%         3
 Ignite Poison            Fire/Tmut/Pois 0%         N/A       85%         3
 Inner Flame              Hex/Fire       0%         N/A       85%         3
 Mephitic Cloud           Conj/Pois/Air  0%         N/A       85%         3
 Spider Form              Tmut/Pois      0%         N/A       85%         3
 Stone Arrow              Conj/Erth      0%         3d7       85%         3
 Summon Guardian Golem    Hex/Summ       0%         N/A       85%         3
 Vampiric Draining        Necr           0%         2d6       85%         3
 Anguish                  Hex/Necr       0%         N/A       99%         4
 Animate Armour           Summ/Erth      0%         N/A       99%         4
 Dispel Undead            Necr           0%         3d6       99%         4
 Flame Wave               Conj/Fire      0%         2d4       99%         4
 Hailstorm                Conj/Ice       0%         3d3       99%         4
 Ice Form                 Ice/Tmut       0%         N/A       99%         4
 Iskenderun's Mystic Bla  Conj/Tloc      0%         2d3       99%         4
 Olgreb's Toxic Radiance  Pois           0%         N/A       99%         4
 Summon Lightning Spire   Summ/Air       0%         N/A       99%         4
 Alistair's Intoxication  Tmut/Pois      0%         N/A       100%        5
 Blade Hands              Tmut           0%         N/A       100%        5
 Borgnjor's Vile Clutch   Necr/Erth      0%         N/A       100%        5
 Freezing Cloud           Conj/Ice/Air   0%         6-21      100%        5
 Irradiate                Conj/Tmut      0%         3d13      100%        5
 Yara's Violent Unravell  Hex/Tmut       0%         3d3       100%        5
 Death Channel            Necr           0%         N/A       100%        6
 Eringya's Noxious Bog    Tmut/Pois      0%         N/A       100%        6
 Iron Shot                Conj/Erth      0%         9d1       100%        6
 Simulacrum               Ice/Necr       0%         N/A       100%        6
 Starburst                Conj/Fire      0%         6d3       100%        6
 Enfeeble                 Hex            0%         N/A       100%        7
 Storm Form               Tmut/Air       0%         N/A       100%        7
 Lehudib's Crystal Spear  Conj/Erth      0%         10d2      100%        8
 Maxwell's Capacitive Co  Air            0%         ∞         100%        8
 Chain Lightning          Conj/Air       0%         N/A       100%        9


Dungeon Overview and Level Annotations

Branches:
Dungeon (15/15)            Temple (0/1) D:4            Lair (6/6) D:11
 Shoals (0/4) Lair:2        Snake (0/4) Lair:4        Slime (0/5) Lair:6
    Orc (2/2) D:10         Vaults (0/5) D:14         Depths (0/4) D:15
  IceCv (visited)         Gauntlet (visited)
    Elf: Orc:2

Shops:
D:1 [   D:4 [   D:6 *   D:14 *   Orc:2 =*

Annotations:
D:6 2 transporters, yegreS's ghost, amateur DDDe
Lair:2 1 runed translucent door, BigAl's ghost, journeyman DjAE


Innate Abilities, Weirdness & Mutations

You have an increased reservoir of magic. (+10% MP)
You shall have no god before yourself.
Your divine heritage dramatically boosts your attributes as you level up.
You possess an exceptional clarity of mind.
You are clumsy. (Dex -2)
A frigid envelope surrounds you and freezes all who hurt you.
You expend magic power (3 MP) to strengthen your wands.


Message History

The two-headed ogre is engulfed in blazing flames.
You shoot an arrow. The arrow hits the two-headed ogre!
The two-headed ogre looks as sick as possible!
The two-headed ogre is almost dead.
The two-headed ogre is engulfed in blazing flames.
The ogre mage is engulfed in blazing flames.
The two-headed ogre is engulfed in blazing flames.
You shoot an arrow.
The arrow barely misses the two-headed ogre.
The arrow hits the ogre mage!
The ogre mage is poisoned.
The ogre mage is heavily wounded.
The two-headed ogre is engulfed in blazing flames.
The ogre mage is engulfed in blazing flames.
The two-headed ogre is engulfed in blazing flames. x2
You kill the two-headed ogre!
The two-headed ogre is engulfed in blazing flames. x2
The ogre mage points at you and mumbles some strange words.
The bolt of magma misses you.
The two-headed ogre is engulfed in blazing flames. x2
You kill the two-headed ogre!
The ogre mage gestures at you while chanting.
You suddenly lose the ability to move!
The two-headed ogre hits you with a +0 giant club!
The two-headed ogre is very cold.
The two-headed ogre is almost dead.
The two-headed ogre hits you with a +0 giant club!
The two-headed ogre is very cold.
The two-headed ogre is almost dead.
The two-headed ogre hits you with a +0 giant club!!
The two-headed ogre is very cold.
The two-headed ogre is almost dead.
The two-headed ogre hits you with a +0 giant club!!
* * * LOW HITPOINT WARNING * * *
The two-headed ogre is very cold.
The two-headed ogre is almost dead.
The ogre mage gestures at you while chanting.
The bolt of magma hits you!! You partially resist.
* * * LOW HITPOINT WARNING * * *
The two-headed ogre hits you with a +0 giant club!
You die...

.O..) ##..###...#
######OO########...#.##..#
.....)))O.............#...
......)OO............###..
.....°)°)O..$........# #..
...........#.##.#...## ##.
.............#..#....## ##
........O.............###.
.........@...#.......###..
......................#...
.................##.......
................#####.#...
...............## ###...
................# ....
..............## ##...
.............# #... ....


You could see 4 two-headed ogres, an ogre mage (very poisoned) and 2 ogres.

Vanquished Creatures
  2 storm dragons (D:15)
  2 dire elephants (Lair:5)
  An entropy weaver (Gauntlet)
  An ettin (D:15)
  A deep elf annihilator (D:15)
  A minotaur (Gauntlet)
  Snorg (D:14)
  2 fire dragons (D:15)
  A deep elf high priest (D:15)
  A yaktaur captain (D:15)
  Fannar (Orc:1)
  Harold (Lair:1)
  22 hydras
  10 boulder beetles
  2 catoblepae
  13 centaur warriors
  5 ogre magi
  3 death knights
  13 two-headed ogres
  7 tengu warriors
  5 death yaks
  12 spriggans
  Sonja (Lair:1)
  A fire crab (D:15)
  2 skeletal warriors
  A deep elf archer (D:15)
  A phantasmal warrior (D:15)
  2 glowing orange brains (Gauntlet)
  Pikel (D:4)
  2 harpies (D:15)
  A necromancer (Lair:6)
  A wizard (D:14)
  A lindwurm (Lair:6)
  2 bog bodies (IceCv)
  6 deep elf pyromancers
  5 orc knights (D:15)
  4 wolf spiders
  A shining eye (shapeshifter) (D:14)
  15 ugly things
  8 cyclopes
  7 manticores
  3 elephants
  5 black mambas
  2 torpor snails
  A gargoyle (D:12)
  15 cane toads
  Joseph (Lair:1)
  A merfolk siren (Lair:2)
  An ice statue (IceCv)
  4 freezing wraiths
  3 rime drakes
  A kobold demonologist (D:13)
  An unseen horror (D:12)
  A minotaur zombie (Gauntlet)
  9 komodo dragons
  4 demonic crawlers (D:14)
  2 efreet
  2 tengu conjurers
  A meliai (D:15)
  A queen bee (shapeshifter) (D:15)
  5 hornets
  4 trolls
  8 polar bears
  15 blink frogs
  A queen bee (D:10)
  A blink frog (shapeshifter) (D:15)
  3 slime creatures
  2 dream sheep
  2 centaur simulacra
  A shadow (D:13)
  A jumping spider (Gauntlet)
  A dire elephant simulacrum (IceCv)
  10 wyverns
  4 wraiths
  4 vampires
  5 basilisks
  Eustachio (D:4)
  3 redbacks
  15 yaks
  3 death yak simulacra (IceCv)
  4 steam dragons
  3 vampire mosquitoes (D:12)
  A redback (shapeshifter) (D:15)
  2 wargs (Orc:2)
  2 acid dragons
  20 water moccasins
  A floating eye (D:14)
  3 ice beasts
  19 orc warriors
  4 black bears
  2 sky beasts
  10 ogres
  5 boggarts
  10 centaurs
  46 wolves
  A phantom (D:6)
  3 lemures (D:4)
  5 kobold brigands
  18 bullfrogs
  2 necrophages
  4 gnoll sergeants
  5 two-headed ogre simulacra (IceCv)
  A scorpion (D:4)
  4 cane toad simulacra (IceCv)
  11 wights
  29 killer bees
  2 elephant simulacra (IceCv)
  4 electric eels
  5 howler monkeys
  3 small abominations (D:14)
  3 hounds (D:7)
  14 orc priests
  Crazy Yiuf (D:4)
  6 jellies
  4 gnoll shamans
  Natasha (twice) (D:4)
  6 iguanas
  15 orc wizards
  8 spriggan simulacra (IceCv)
  4 polar bear simulacra
  5 yak simulacra (Lair:6)
  8 troll simulacra (IceCv)
  4 wolf simulacra
  33 gnolls
  5 naga simulacra (IceCv)
  4 adders
  A shadow imp (D:7)
  15 white imps
  4 ufetubi (IceCv)
  3 dart slugs
  72 orcs
  4 bats
  A bat zombie (D:8)
  15 endoplasms
  3 giant cockroaches
  2 goblins (D:4)
  5 hobgoblins
  3 quokkas (D:1)
  7 ball pythons
  2 frilled lizards (D:2)
  11 kobolds
  5 rats
  A river rat simulacrum (Lair:6)
  A bush (Lair:6)
822 creatures vanquished.

Vanquished Creatures (others)
  A centaur warrior (D:14)
  A troll (D:14)
  A bush (Lair:6)
  38 fungi
  31 plants
  9 toadstools (D:5)
81 creatures vanquished.

Grand Total: 903 creatures vanquished

Notes
Turn   | Place    | Note
-------+----------+-------------------------------------------
     0 | D:1      | Anon1729 the Demigod Brigand began the quest for the Orb.
     0 | D:1      | Reached XP level 1. HP: 17/17 MP: 3/3
    43 | D:1      | Found Himutir's Antique Armour Shoppe.
    53 | D:1      | Reached skill level 1 in Dodging
   437 | D:1      | Reached XP level 2. HP: 20/24 MP: 4/4
  1377 | D:2      | Reached skill level 1 in Long Blades
  1819 | D:2      | Reached XP level 3. HP: 29/29 MP: 5/5
  2640 | D:3      | Reached skill level 4 in Stealth
  2823 | D:3      | Got the Volume of Combat Magic and Transmutation
  2956 | D:3      | Identified the +5 ring mail "Mirhusak" {*Corrode rC+
                  | Stlth+}
  3518 | D:4      | Found a runed translucent door.
  3519 | D:4      | Noticed Crazy Yiuf
  3589 | D:4      | Noticed Natasha
  3596 | D:4      | Killed Natasha
  3597 | D:4      | Reached XP level 4. HP: 37/37 MP: 6/6
  3923 | D:4      | Reached XP level 5. HP: 44/44 MP: 7/7
  4282 | D:4      | Noticed Pikel
  4662 | D:4      | Found Aheuwur's Antique Armour Emporium.
  4688 | D:4      | Noticed Eustachio
  4699 | D:4      | Noticed a water moccasin
  4725 | D:4      | Gained mutation: A frigid envelope surrounds you and
                  | freezes all who hurt you. [potion of mutation]
  4725 | D:4      | Gained mutation: You are clumsy. (Dex -2) [potion of
                  | mutation]
  4725 | D:4      | Gained mutation: You expend magic power (3 MP) to
                  | strengthen your wands. [potion of mutation]
  4725 | D:4      | Gained mutation: You possess an exceptional clarity of
                  | mind. [potion of mutation]
  4731 | D:4      | Killed Eustachio
  4732 | D:4      | Reached XP level 6. HP: 14/51 MP: 8/8
  4733 | D:4      | Killed a water moccasin
  4734 | D:4      | Reached skill level 5 in Stealth
  5159 | D:4      | Found a staircase to the Ecumenical Temple.
  5179 | D:4      | Noticed Natasha
  5185 | D:4      | Killed Natasha
  5344 | D:4      | Killed Pikel
  5345 | D:4      | Reached XP level 7. HP: 50/60 MP: 9/9
  5502 | D:4      | Killed Crazy Yiuf
  5564 | D:5      | Entered Level 5 of the Dungeon
  5727 | D:5      | Identified the +0 robe "Fyesutit" {Int+5}
  5741 | D:5      | Reached skill level 6 in Stealth
  5766 | D:5      | Reached XP level 8. HP: 29/67 MP: 10/10
  6377 | D:5      | Reached skill level 5 in Fighting
  6424 | D:5      | Identified the +2 falchion of Uncomfortable Rashes {flame,
                  | Str+3}
  6474 | D:5      | Noticed a slime creature
  6475 | D:5      | Noticed a slime creature
  6674 | D:4      | Killed a slime creature
  6675 | D:4      | Reached skill level 5 in Long Blades
  6675 | D:4      | Reached skill level 5 in Dodging
  6682 | D:5      | Killed a slime creature
  7181 | D:6      | Found a transporter.
  7214 | D:6      | Reached skill level 7 in Stealth
  7554 | D:6      | Reached XP level 9. HP: 68/75 MP: 11/11
  7700 | D:6      | Found Ummiuthri's General Store.
  7708 | D:6      | Bought a potion of degeneration for 14 gold pieces
  7708 | D:6      | Bought a scroll of fog for 28 gold pieces
  7708 | D:6      | Bought a potion of curing for 42 gold pieces
  7827 | D:6      | Found a transporter.
  7832 | D:6      | Noticed yegreS's ghost (amateur DDDe)
  8402 | D:7      | Noticed a komodo dragon
  8416 | D:7      | Killed a komodo dragon
  9226 | D:7      | Found a runed translucent door.
  9354 | D:7      | Reached skill level 8 in Stealth
  9361 | D:7      | Identified the +2 leather armour of Ryj Geq {Drain rN+
                  | Int+6}
  9790 | D:7      | Reached XP level 10. HP: 80/86 MP: 13/13
 10909 | D:8      | Reached skill level 9 in Stealth
 11507 | D:9      | Noticed a two-headed ogre
 11519 | D:9      | Killed a two-headed ogre
 11713 | D:9      | Noticed a two-headed ogre
 11723 | D:9      | Killed a two-headed ogre
 12526 | D:9      | Identified the +11 shortbow of the Enfolding Shrike {venom,
                  | rC+}
 12594 | D:10     | Entered Level 10 of the Dungeon
 12688 | D:10     | Reached XP level 11. HP: 69/95 MP: 14/14
 12911 | D:10     | Noticed a two-headed ogre
 12923 | D:10     | Killed a two-headed ogre
 13658 | D:10     | Reached skill level 10 in Stealth
 15009 | D:10     | Found a staircase to the Orcish Mines.
 15399 | D:11     | Found a staircase to the Lair.
 15448 | D:11     | Noticed a two-headed ogre
 15457 | D:11     | Killed a two-headed ogre
 15486 | D:11     | Found a frozen archway.
 15744 | IceCv    | Entered an ice cave
 16605 | IceCv    | Noticed a bog body
 16614 | IceCv    | Killed a bog body
 16919 | IceCv    | Noticed a bog body
 16933 | IceCv    | Killed a bog body
 17094 | IceCv    | Reached skill level 11 in Stealth
 17094 | IceCv    | Reached XP level 12. HP: 82/106 MP: 15/15
 17747 | D:12     | Noticed a boulder beetle
 17756 | D:12     | Killed a boulder beetle
 18048 | D:12     | Noticed a boulder beetle
 18054 | D:12     | Killed a boulder beetle
 18068 | D:12     | You fall into a shaft and drop 2 floors!
 18071 | D:14     | Noticed a death knight
 18104 | D:14     | Reached skill level 10 in Fighting
 18116 | D:14     | Found Ofelol's Blood Bar.
 18287 | D:14     | Reached skill level 10 in Dodging
 18728 | D:13     | Reached skill level 10 in Long Blades
 18928 | D:13     | Noticed an eight-headed hydra
 18931 | D:13     | Killed an eight-headed hydra
 19667 | D:12     | Identified the +2 ring mail of the Devil {Will+ Str+6}
 19700 | D:12     | Reached skill level 12 in Stealth
 20080 | D:12     | Noticed a five-headed hydra
 20085 | D:12     | Killed a five-headed hydra
 20251 | D:15     | Entered Level 15 of the Dungeon
 20335 | D:14     | Noticed a seven-headed hydra
 20338 | D:14     | Killed a seven-headed hydra
 20339 | D:14     | Reached XP level 13. HP: 51/115 MP: 16/16
 21627 | D:14     | Noticed Snorg
 21632 | D:14     | Killed Snorg
 21886 | D:14     | Identified the +1 leather armour of the Heavens {*Slow
                  | rN++}
 21906 | D:14     | Found a gate to the Vaults.
 22788 | D:14     | Got Jeom Lac's Papyrus of Harmful Venom
 23222 | D:15     | Reached skill level 13 in Stealth
 24073 | D:15     | Reached skill level 1 in Bows
 24258 | D:15     | Found a staircase to the Depths.
 24645 | D:15     | Reached XP level 14. HP: 49/125 MP: 17/17
 27958 | D:15     | Noticed a storm dragon
 27997 | D:15     | Killed a storm dragon
 28301 | D:15     | Reached skill level 14 in Stealth
 29019 | D:15     | Identified the ring of the Ladybird {rCorr Str+2}
 29646 | D:15     | Noticed a storm dragon
 29743 | D:15     | Killed a storm dragon
 30095 | Lair:1   | Entered Level 1 of the Lair of Beasts
 30106 | Lair:1   | Noticed Sonja
 30123 | Lair:1   | Noticed Harold
 30134 | Lair:1   | Killed Harold
 30148 | Lair:1   | Killed Sonja
 30149 | Lair:1   | Reached skill level 5 in Bows
 30164 | Lair:1   | Noticed Joseph
 30168 | Lair:1   | Killed Joseph
 30543 | Lair:1   | Reached XP level 15. HP: 134/134 MP: 18/18
 31449 | Lair:2   | Found a runed translucent door.
 31449 | Lair:2   | Noticed BigAl's ghost (journeyman DjAE)
 31600 | Lair:2   | Found a staircase to the Shoals.
 33059 | Lair:4   | Found a staircase to the Snake Pit.
 33092 | Lair:4   | Found a gate leading to a gauntlet.
 33107 | Gauntlet | Entered a Gauntlet
 33107 | Gauntlet | Found a transporter.
 33107 | Gauntlet | Found a transporter.
 33107 | Gauntlet | Found a transporter.
 33123 | Gauntlet | Found a transporter.
 33126 | Gauntlet | Found a transporter.
 33126 | Gauntlet | Found a transporter.
 33138 | Gauntlet | Found a transporter.
 33140 | Gauntlet | Found a transporter.
 33150 | Gauntlet | Found a transporter.
 33251 | Gauntlet | Found a transporter.
 33255 | Gauntlet | Found a transporter.
 33265 | Gauntlet | Found a transporter.
 33515 | Gauntlet | Identified the +0 helmet "Quenlaup" {Dex+5}
 33867 | Gauntlet | Identified the +0 scale mail of the Trees {rCorr Str+2
                  | Slay+3 Stlth+}
 33867 | Gauntlet | Identified the +1 pair of gloves of the Eternal Void {rF-
                  | rN++ Str+2 SInv}
 33867 | Gauntlet | Identified the +6 shortbow of Trauma {venom, rPois Will+
                  | MP+9}
 33867 | Gauntlet | Identified the ring of Zanow {Fire rN+ Int+4}
 35846 | Lair:5   | Identified the +7 war axe "Transmigrator" {flame, *Slow
                  | rCorr Str+8 Int+3}
 35883 | Lair:6   | Entered Level 6 of the Lair of Beasts
 36303 | Lair:5   | Reached skill level 15 in Stealth
 37604 | Lair:6   | Identified the +5 whip "Magih" {venom, rElec rF- rCorr}
 37882 | Lair:6   | Reached XP level 16. HP: 145/145 MP: 19/19
 38160 | Lair:6   | Found a staircase to the Slime Pits.
 38371 | Orc:1    | Entered Level 1 of the Orcish Mines
 38390 | Orc:1    | Noticed Fannar
 38400 | Orc:1    | Killed Fannar
 38515 | Orc:2    | Entered Level 2 of the Orcish Mines
 38916 | Orc:2    | Found Uni Cofa's Jewellery Boutique.
 38917 | Orc:2    | Found Lenenud's Assorted Antiques.
 38941 | Orc:2    | Paralysed by an ogre mage for 6 turns
 38946 | Orc:2    | HP: 2/145 [ogre mage/bolt of magma (25)]
 38946 | Orc:2    | Demolished by a two-headed ogre

Illustrated notes

Levels and vault maps discovered:
D:1:      minmay_arrival_nine_rooms, layout_basic, serial_shops,
          nicolae_diamond_shop, shapermc_ecumenical_altar_mp_highgroup
D:2:      layout_basic
D:3:      layout_basic, led_sif_pool, xom_redecorated
D:4:      layout_basic, minmay_temple_entry_fiery, serial_forest,
          infiniplex_forest_lined_room_3, infiniplex_forest_clump_small,
          infiniplex_forest_straight_1, infiniplex_forest_lined_ring,
          infiniplex_forest_lined_corner, infiniplex_forest_straight_2,
          infiniplex_forest_end_2, serial_shops, nicolae_shop_statue_plus,
          uniq_eustachio, uniq_natasha, uniq_pikel, uniq_crazy_yiuf_cottage
D:5:      cheibrodos_fertilizer, layout_basic
D:6:      layout_layer_cave, general_overflow_altar, gammafunk_ghost_stat_death,
          serial_shops, shop, kennysheep_generic_room_12
D:7:      minmay_bubble_buster, layout_loops_corners,
          mainiacjoe_overflow_chevrons, lightli_church_of_beogh
D:8:      layout_rooms, lemuel_zombie_altar_kikubaaqudgha, elyvilon_altar_5,
          gammafunk_temple_overflow_forgotten
D:9:      layout_rooms, kennysheep_generic_room_14
D:10:     layout_roguey [special_room_bee], nicolae_ashenzari_skybound,
          nicolae_overflow_crystal_walls, erik_orc_2
D:11:     layout_cave_pools, david_lair_generic, portal_ice_cave_entry_imps,
          feat_on_display
D:12:     kennysheep_spiral_hall, layout_basic, chequers_arboretum
D:13:     layout_irregular_city
D:14:     cheibrodos_hippocracy, layout_rooms, david_vaults_1,
          guppyfry_shop_blood, uniq_snorg
D:15:     hangedman_slaughterboxes
Lair:1:   layout_regular_city, st_stairs_11, nzn_random_ring, uniq_joseph,
          uniq_harold, uniq_sonja
Lair:2:   layout_chaotic_city, minmay_shoals_entry_lonely_mermaid,
          ebering_ghost_inner_flame, st_stairs_11, nicolae_quartered_pool_little
Lair:3:   wad_woods_structure_01, layout_gridlike, serial_bayou_shore_b,
          lemuel_fruit_fields
Lair:4:   layout_concentric_octagons, dummy_snake_entry, gauntlet_entry_generic
Lair:5:   nzn_winding_woodlands_stair_trap
          [nzn_winding_woodlands_5x15_split_checker,
          nzn_winding_woodlands_5x15_river_crossing,
          nzn_winding_woodlands_5x15_lazy_stream,
          nzn_winding_woodlands_15x15_thick_spiral,
          nzn_winding_woodlands_5x15_zeroes,
          nzn_winding_woodlands_5x15_longhouse,
          nzn_winding_woodlands_5x15_pool], layout_regular_city,
          lemuel_fruit_tree, serial_bayou_shore_b
Lair:6:   minmay_lair_end_enchanted_forest, layout_misc_corridors,
          dpeg_slime_entry_enclosed_altar, minmay_hedge_maze,
          chequers_serial_rivers_small_a, eino_house_with_fridge,
          serial_bayou_shore_b
Orc:1:    layout_caves, uniq_erica, uniq_fannar
Orc:2:    st_orc_ogre_mass, layout_caves, basic_altar

Skill      XL: |  1  2  3  4  5  6  7  8  9 10 11 12 13 14 15 |
---------------+----------------------------------------------+-----
Dodging        | 1 2 3 4 5 6 8 9 10 11 12 13 | 13.8
Fighting       | 2 3 4 5 7 8 9 10 11 12 13 | 13.9
Long Blades    | 1 2 4 5 6 8 9 10 11 12 13 | 13.8
Stealth        | 4 5 6 7 8 9 11 12 13 14 15 | 15.4
Bows           | 1 5 7 |  7.7
Short Blades   | |  1.7
Throwing       | |  1.7

Action                   |  1- 3 |  4- 6 |  7- 9 | 10-12 | 13-15 | 16-18 || total
-------------------------+-------+-------+-------+-------+-------+-------++-------
Melee: Dagger            |   105 |   162 |    63 |       |       |       ||   330
       Punch             |     1 |     3 |     3 |     1 |    18 |     1 ||    27
       Falchion          |       |       |   162 |   305 |    69 |       ||   536
       Scimitar          |       |       |       |       |   620 |   107 ||   727
       Shortbow          |       |       |       |       |     1 |       ||     1
 Fire: Shortbow          |       |       |       |   393 |   437 |     3 ||   833
Throw: Dart              |     2 |     6 |     7 |     4 |     8 |       ||    27
Evoke: Wand              |       |       |       |     8 |     3 |     2 ||    13
  Use: Potion            |       |     2 |       |     1 |     7 |       ||    10
       Scroll            |       |       |       |    13 |    13 |     1 ||    27
 Stab: Sleeping          |    16 |     2 |    19 |     7 |    35 |     3 ||    82
       Distracted        |       |       |     2 |     2 |     8 |     4 ||    16
Armor: Robe              |    20 |       |       |       |       |       ||    20
       Ring mail         |     5 |    64 |    57 |   199 |   303 |     6 ||   634
       Skin              |       |     8 |       |    29 |       |       ||    37
Dodge: Dodged            |    48 |    91 |   117 |   570 |  1168 |    71 ||  2065

Table legend: (Time is in decaauts)
 A = Elapsed time spent in this place.
 B = Non-inter-level travel time spent in this place.
 C = Inter-level travel time spent in this place.
 D = Time resting spent in this place.
 E = Time spent auto-exploring this place.
 F = Levels seen in this place.
 G = Mean time per level.
                   A        B        C        D        E       F      G
               +--------+--------+--------+--------+--------+-----+--------+
         Total |  39241 |  37925 |   1316 |  11310 |  20228 |  25 | 1569.6 |
       Dungeon |  28699 |  27749 |    950 |   8814 |  14714 |  15 | 1913.3 |
          Lair |   7430 |   7076 |    354 |   1252 |   4559 |   6 | 1238.3 |
  Orcish Mines |    550 |    539 |     11 |      0 |    363 |   2 |  275.0 |
      Ice Cave |   1782 |   1782 |      0 |    873 |    421 |   1 | 1782.0 |
      Gauntlet |    777 |    777 |      0 |    370 |    171 |   1 |  777.0 |
               +--------+--------+--------+--------+--------+-----+--------+

Top non-repeatable levels by time:
    D:15: 8128 daAuts
  Lair:5: 2617 daAuts
    D:14: 2314 daAuts
     D:9: 2244 daAuts
     D:7: 1967 daAuts
    D:10: 1878 daAuts
   IceCv: 1782 daAuts
     D:3: 1726 daAuts
     D:4: 1648 daAuts
     D:5: 1595 daAuts
     D:6: 1365 daAuts
    D:12: 1160 daAuts
     D:2: 1144 daAuts
  Lair:6: 1135 daAuts
  Lair:1: 1127 daAuts
